 Dungeon Crawl Stone Soup version 0.22-a0-587-g7d32d7c (webtiles) character file.

18 Amnesiac the Skirmisher (level 2, -6/26 HPs)
             Began as a Centaur Monk on July 4, 2018.
             Mangled by a centaur (7 damage)
             ... on level 2 of the Dungeon.
             The game lasted 00:00:41 (694 turns).

Amnesiac the Skirmisher (Centaur Monk)               Turns: 694, Time: 00:00:42

Health: -6/26      AC:  4    Str: 13    XL:     2   Next: 51%
Magic:  2/2        EV: 10    Int:  9    God:
Gold:   75         SH:  0    Dex: 11    Spells: 1/1 levels left

rFire    . . .     SeeInvis .   a - +0 falchion
rCold    . . .     Gourm    .   (no shield)
rNeg     . . .     Faith    .   b - +0 robe
rPois    .         Spirit   .   (no helmet)
rElec    .         Reflect  .   (no cloak)
rCorr    .         Harm     .   (no gloves)
MR       .....                  (no barding)
Stlth    +.........             (no amulet)
HPRegen  0.08/turn              (no ring)
MPRegen  0.08/turn              (no ring)

@: very quick
A: large, hooves 3, deformed body, speed 2, tough skin 3
a: no special abilities


You were on level 2 of the Dungeon.
You were not hungry.

You visited 1 branch of the dungeon, and saw 2 of its levels.

You collected 75 gold pieces.

Inventory:

Hand Weapons
 a - a +0 falchion (weapon)
Armour
 b - a +0 robe (worn)
Scrolls
 d - a scroll of remove curse {!r, unknown}
Potions
 e - a potion of agility {!q, unknown}
 f - 2 potions of mutation {!q, unknown}
 g - a potion of magic {!q}
Comestibles
 c - a ration
 h - a chunk of flesh


   Skills:
 - Level 3.0 Fighting
 - Level 2.7 Long Blades
 + Level 2.9 Dodging
 - Level 1.1 Stealth


You had one spell level left.
You didn't know any spells.
Your spell library was empty.

Dungeon Overview and Level Annotations

Branches:
Dungeon (2/15)

Altars:


Innate Abilities, Weirdness & Mutations

You have hooves in place of feet.
Armour fits poorly on your strangely shaped body.
You cover ground very quickly.
You have extremely tough skin. (AC +3)


Message History

You see here a stone.
You hit the kobold.
You kill the kobold!
Things that are here:
a dagger; 3 stones; a kobold corpse You see here a stone.
You see here a stone.
You now have 54 gold pieces (gained 13).
Found a stone staircase leading down.
No target in view!
Done exploring.
No target in view!
Done exploring.
No target in view!
Done exploring.
No target in view!
Done exploring.
There is a stone staircase leading down here.
You climb downwards.
A giant cockroach comes into view.
There is a stone staircase leading up here.
A giant cockroach is nearby!
The giant cockroach bites you but does no damage.
You hit the giant cockroach.
You kill the giant cockroach!
You now have 57 gold pieces (gained 3).
You now have 75 gold pieces (gained 18).
Key pressed, stopping explore.
No target in view!
A bat comes into view.
You hit the bat.
You kill the bat!
d - a scroll labeled JAATIFU IGIRAGG {!r} No target in view!
A rat comes into view.
A rat is nearby!
A rat is nearby!
A rat is nearby!
You hit the rat.
You kill the rat!
No target in view!
You butcher the rat corpse.
h - a chunk of flesh You open the door.
Found a stone staircase leading down.
No target in view!
There is an open door here.
You open the door.
There is an open door here.
A centaur comes into view.
The centaur shouts!
The centaur wields a shortbow.
The centaur shoots an arrow.
The arrow hits you!
You see here an arrow.
The centaur shoots an arrow.
The arrow hits you!
Ouch! That really hurt!
* * * LOW HITPOINT WARNING * * *
You see here an arrow.
The centaur unwields an uncursed shortbow.
The centaur hits you.
* * * LOW HITPOINT WARNING * * *
Really quaff
g - 2 silvery potions {!q}?
It was a potion of magic {!q}.
Magic courses through your body. The centaur hits you!
You die...

###.##### ##>..#
#........# ##.....
#. #...#.# ##......
#.###....###.......
...........'.......
#.###....###.......
#. #..#.# ##......
#c###.##.# ##.....
#.@((....# ##...#
#####.#### ##+##
#.# #.# #.# #<# #.#
##.## #.# #####...#
... .......... .#
######...# ##...


You could see a centaur.

Vanquished Creatures
  An ooze (D:1)
  A dart slug (D:1)
  2 bats
  A giant cockroach (D:2)
  2 hobgoblins (D:1)
  A frilled lizard (D:1)
  2 kobolds (D:1)
  2 rats
12 creatures vanquished.

Notes
Turn   | Place    | Note
-------+----------+-------------------------------------------
     0 | D:1      | Amnesiac the Centaur Monk began the quest for the Orb.
     0 | D:1      | Reached XP level 1. HP: 19/19 MP: 1/1
   264 | D:1      | Reached XP level 2. HP: 14/26 MP: 2/2
   691 | D:2      | Noticed a centaur
   693 | D:2      | HP: 1/26 [centaur (4)]
   694 | D:2      | Mangled by a centaur

Vault maps used:
D:1:      lemuel_arrival_muddy
D:2:      lemuel_round_altar

Action                   || total
-------------------------++-------
Melee: Falchion          ||    24
       Kick              ||     5
  Use: Potion            ||     1
Armor: Robe              ||     7
Dodge: Dodged            ||    14
       Rpst.: Falchion   ||     4

Table legend:
 A = Spawn XP
 B = Non-spawn XP
 C = Spawn XP percentage of total XP
 D = Spawn monster count
 E = Non-spawn monster count
 F = Spawn count percentage of total count
 G = Total turns spent on level
                    A         B        C        D         E        F      G
               +---------+---------+-------+---------+---------+-------+---------
         Total |       0 |      27 |   0.0 |       0 |      12 |   0.0 |   694
               +---------+---------+-------+---------+---------+-------+---------
           D:1 |       0 |      22 |   0.0 |       0 |       9 |   0.0 |   595
           D:2 |       0 |       5 |   0.0 |       0 |       3 |   0.0 |    99
               +---------+---------+-------+---------+---------+-------+---------
